 Dungeon Crawl Stone Soup version 0.29.0-4-gdea44cf6ec (webtiles) character file.

Game seed: 2385736573977875219

385 qw the Cleaver (level 6, -2/52 HPs)
             Began as a Minotaur Berserker on Sept 4, 2022.
             Was a Follower of Trog.
             Slain by a lemure (6 damage)
             ... led by Pikel
             ... on level 6 of the Dungeon.
             The game lasted 00:00:55 (3945 turns).

qw the Cleaver (Minotaur Berserker)                 Turns: 3945, Time: 00:00:55

Health: -2/52      AC:  8    Str: 24    XL:     6   Next: 48%
Magic:  5/5        EV:  8    Int:  4    God:    Trog [*.....]
Gold:   125        SH:  0    Dex:  9    Spells: 5/5 levels left

rFire   . . .      SeeInvis +   Y - +0 broad axe
rCold   . . .      Faith    .   (no shield)
rNeg    . . .      Spirit   .   d - +0 chain mail
rPois   .          Reflect  .   (helmet restricted)
rElec   .          Harm     .   (no cloak)
rCorr   .          Rampage  .   (no gloves)
Will    .....                   (no boots)
Stlth   ..........              (no amulet)
HPRegen 0.17/turn               f - ring of see invisible
MPRegen 0.09/turn               (no ring)

@: on berserk cooldown, slowed, very slow
A: horns 2, retaliatory headbutt
a: Renounce Religion, Berserk


You were on level 6 of the Dungeon.
You worshipped Trog.
Trog was aware of your devotion.
You visited 1 branch of the dungeon, and saw 5 of its levels.

You collected 125 gold pieces.


Innate Abilities, Weirdness & Mutations

You have a pair of horns on your head.
You reflexively headbutt those who attack you in melee.


   Skills:
 - Level 4.1 Fighting
 + Level 8.6 Axes
 - Level 2.4 Armour
 - Level 2.1 Dodging


You had 5 spell levels left.
You didn't know any spells.
Your spell library was empty.

Inventory:

Hand Weapons
 m - a +0 flail
 Y - a +0 broad axe (weapon)
Armour
 b - an orb of guile
 d - a +0 chain mail (worn)
Jewellery
 e - a ring of resist corrosion
 f - a ring of see invisible (left hand)
Scrolls
 a - a scroll of identify
 h - a scroll of enchant armour
 j - a scroll of fear {unknown}
Potions
 c - a potion of curing {unknown}
 g - a potion of degeneration {unknown}
 i - a potion of might {unknown}
 k - a potion of resistance {unknown}
 l - a potion of flight {unknown}

Dungeon Overview and Level Annotations

Branches:
Dungeon (4/15)             Temple (0/1) D:4

Altars:
Okawaru

Annotations:
D:6 Pikel


Message History

The lemure hits you but does no damage.
You hit the lemure.
The lemure is severely wounded.
The lemure barely misses you.
You slash the lemure!
The lemure is almost dead.
You slash the lemure!
You kill the lemure!
That felt strangely unrewarding.
You start resting.
You feel a strong urge to attack something.
A lemure is nearby!
Found 5 gold pieces.
You feel your anger nearly subside.
You are no longer berserk.
You are exhausted.
You feel yourself slow down. The lemure closely misses you.
You furiously retaliate!
You headbutt the lemure, but do no damage.
You barely miss the lemure. The lemure barely misses you.
The lemure closely misses you.
You hit the lemure.
The lemure is lightly wounded.
The lemure hits you!
You closely miss the lemure. Your headbutt misses the lemure.
The lemure is lightly wounded.
Pikel, Merchant of Souls comes into view.
He is wielding a +0 whip of freezing.
The lemure closely misses you. The lemure hits you.
You closely miss the lemure. Your headbutt misses the lemure.
The lemure is lightly wounded.
The lemure barely misses you. x2; You furiously retaliate!
You headbutt the lemure, but do no damage.
You hit the lemure.
The lemure is lightly wounded.
The lemure hits you. The lemure hits you! The lemure hits you.
You slice the lemure!!
You headbutt the lemure, but do no damage.
The lemure is severely wounded.
You miss the lemure. The lemure hits you.
You die...

....... .....$.
....... ...(...
......< .......
....... ...... ..
....... #...# ..(#
....... #K..###...#
.......##5.........
........@5.........
...................
...................
.......##..........
....... #..........
........##...####..#
.........##...####
.................#
#.......##......#


You could see Pikel and 2 lemures.

Vanquished Creatures
  An ice beast (D:6)
  2 lemures (D:6)
  A kobold brigand (D:6)
  2 hounds (D:6)
  An iguana (D:3)
  6 gnolls
  3 adders
  2 dart slugs (D:2)
  2 orcs
  3 ball pythons
  2 bats (D:3)
  5 endoplasms
  2 giant cockroaches
  A goblin (D:3)
  4 hobgoblins
  2 quokkas
  4 frilled lizards
  10 kobolds
  4 rats (D:3)
57 creatures vanquished.

Notes
Turn   | Place    | Note
-------+----------+-------------------------------------------
     0 | D:1      | qw the Minotaur Berserker began the quest for the Orb.
     0 | D:1      | Reached XP level 1. HP: 19/19 MP: 0/0
     0 | D:1      | 0 ||| qw: Version: 0.1-a-103-gd6f5d3a
     0 | D:1      | 0 ||| qw: Game counter: 5397
     0 | D:1      | 0 ||| qw: Always use a shield: true
     0 | D:1      | 0 ||| qw: Do Orc after D:15 true
     0 | D:1      | 0 ||| qw: Do second Lair branch before Depths: true
     0 | D:1      | 0 ||| qw: Lair rune preference: random
     0 | D:1      | 0 ||| qw: Plans: Normal
     0 | D:1      | 0 ||| PLANNING D:1-11
   494 | D:1      | Reached skill level 4 in Axes
   789 | D:1      | Found a faded altar of an unknown god.
   840 | D:1      | 840 ||| UPGRADING to +0 chain mail.
   850 | D:1      | 850 ||| DROPPING +0 animal skin.
   851 | D:1      | 851 ||| UPGRADING to ring of see invisible.
   852 | D:1      | 852 ||| READING 2 scrolls labelled VAHUIR ORRIOLELE.
   853 | D:1      | 853 ||| READING scroll of enchant weapon.
   853 | D:1      | 853 ||| ENCHANTING +1 hand axe.
   854 | D:1      | 854 ||| READING scroll labelled NAT BUWIDWO.
   855 | D:1      | 855 ||| READING scroll labelled ORUCET JAPTIEFYO.
  1125 | D:2      | 1125 ||| Stepping ~*~*~tactically~*~*~ (hiding).
  1133 | D:2      | Reached XP level 2. HP: 21/26 MP: 1/1
  1592 | D:2      | 1592 ||| Stepping ~*~*~tactically~*~*~ (hiding).
  1602 | D:2      | Reached skill level 5 in Axes
  1868 | D:2      | 1868 ||| READING 3 scrolls labelled KEUSAN MUFUU.
  1869 | D:2      | 1869 ||| READING 2 scrolls labelled AHYGITUEDD.
  1870 | D:2      | 1870 ||| READING scroll labelled WEFANALATZ.
  2020 | D:2      | 2020 ||| READING scroll labelled FEOPTO CAEF.
  2021 | D:2      | 2021 ||| READING 2 scrolls of identify.
  2021 | D:2      | 2021 ||| IDENTIFYING golden potion
  2022 | D:2      | 2022 ||| DROPPING scroll of magic mapping.
  2023 | D:2      | 2023 ||| DROPPING potion of invisibility.
  2024 | D:2      | 2024 ||| Stepping randomly (stuck).
  2025 | D:2      | 2025 ||| Stepping ~*~*~tactically~*~*~ (cloud).
  2219 | D:3      | Reached XP level 3. HP: 29/31 MP: 2/2
  2244 | D:3      | 2244 ||| INVOKING Berserk.
  2555 | D:3      | Reached skill level 6 in Axes
  2555 | D:3      | Reached XP level 4. HP: 36/39 MP: 3/3
  2601 | D:3      | 2601 ||| Stepping ~*~*~tactically~*~*~ (stealth).
  2603 | D:3      | 2603 ||| Stepping ~*~*~tactically~*~*~ (stealth).
  2605 | D:3      | 2605 ||| Stepping ~*~*~tactically~*~*~ (stealth).
  2610 | D:3      | 2610 ||| Stepping ~*~*~tactically~*~*~ (stealth).
  2614 | D:3      | 2614 ||| Stepping ~*~*~tactically~*~*~ (stealth).
  2645 | D:3      | 2645 ||| Stepping ~*~*~tactically~*~*~ (stealth).
  2648 | D:3      | 2648 ||| Stepping ~*~*~tactically~*~*~ (stealth).
  2651 | D:3      | 2651 ||| Stepping ~*~*~tactically~*~*~ (stealth).
  2789 | D:3      | Identified the +0 ring mail "Uthru" {Will- Int+7}
  2852 | D:3      | Found an iron altar of Okawaru.
  3007 | D:3      | 3007 ||| INVOKING Berserk.
  3326 | D:3      | 3326 ||| SWAPPING to +0 broad axe.
  3327 | D:3      | 3327 ||| DROPPING +2 hand axe.
  3328 | D:3      | 3328 ||| DROPPING +0 ring mail "Uthru" {Will- Int+7}.
  3329 | D:3      | 3329 ||| READING scroll labelled POONNI PAEFASK.
  3333 | D:3      | 3333 ||| READING scroll labelled KUFEBB ZEUG.
  3357 | D:4      | 3357 ||| STAIRDANCE
  3388 | D:4      | Found a staircase to the Ecumenical Temple.
  3396 | D:4      | You fall into a shaft and drop 2 floors!
  3403 | D:6      | 3403 ||| Stepping ~*~*~tactically~*~*~ (stealth).
  3404 | D:6      | 3404 ||| Stepping ~*~*~tactically~*~*~ (stealth).
  3412 | D:6      | Reached skill level 7 in Axes
  3412 | D:6      | Reached XP level 5. HP: 23/45 MP: 4/4
  3577 | D:6      | 3577 ||| INVOKING Berserk.
  3708 | D:6      | Noticed an ice beast
  3713 | D:6      | 3713 ||| INVOKING Berserk.
  3715 | D:6      | Reached skill level 8 in Axes
  3715 | D:6      | Reached XP level 6. HP: 52/52 MP: 5/5
  3720 | D:6      | Killed an ice beast
  3899 | D:6      | 3899 ||| DROPPING +0 club.
  3929 | D:6      | 3929 ||| Stepping ~*~*~tactically~*~*~ (stealth).
  3930 | D:6      | 3930 ||| Stepping ~*~*~tactically~*~*~ (stealth).
  3931 | D:6      | 3931 ||| INVOKING Berserk.
  3942 | D:6      | Noticed Pikel
  3944 | D:6      | HP: 13/52 [lemure[Pikel] (2)]
  3944 | D:6      | HP: 5/52 [lemure[Pikel] (8)]
  3945 | D:6      | Slain by a lemure

Levels and vault maps discovered:
D:1:      dpeg_arrival_chambers_temple_mockup, layout_basic,
          dreamdust_ecumenical_altar_hidden_monk_grotto
D:2:      layout_loops_corners, serial_bayou_pond_e
D:3:      layout_loops_corners, mainiacjoe_overflow_catwalk, minmay_guardbox
D:4:      layout_rooms, minmay_temple_entry_arrows, gammafunk_ghost_arena,
          uniq_crazy_yiuf_cottage, uniq_sigmund, uniq_menkaure
D:6:      layout_gridville, mainiacjoe_overflow_brackets, uniq_pikel,
          uniq_edmund

Skill      XL: |  1  2  3  4  5 |
---------------+----------------+-----
Axes           | 4 5 6 7 8 |  8.6
Fighting       | 4 |  4.1
Armour         | |  2.4
Dodging        | |  2.1

Action                   |  1- 3 |  4- 6 || total
-------------------------+-------+-------++-------
Melee: Hand axe          |    47 |    29 ||    76
       Headbutt          |     6 |     9 ||    15
       Broad axe         |       |    50 ||    50
Invok: Berserk           |     1 |     4 ||     5
  Use: Scroll            |     9 |     2 ||    11
Armor: Chain mail        |    11 |    32 ||    43
Dodge: Dodged            |    13 |    35 ||    48

Table legend:
 A = Non-vault XP
 B = Vault XP
 C = Vault XP percentage of total XP
 D = Non-vault monster count
 E = Vault monster count
 F = Vault count percentage of total count
                 A         B        C        D         E       F
            +---------+---------+-------+---------+---------+-------
      Total |     521 |      30 |   5.4 |      43 |      12 |  21.8
            +---------+---------+-------+---------+---------+-------
        D:1 |       9 |       0 |   0.0 |       5 |       0 |   0.0
        D:2 |      31 |       0 |   0.0 |       9 |       0 |   0.0
        D:3 |     109 |      30 |  21.6 |      13 |      12 |  48.0
        D:4 |       2 |       0 |   0.0 |       1 |       0 |   0.0
        D:6 |     370 |       0 |   0.0 |      15 |       0 |   0.0
            +---------+---------+-------+---------+---------+-------
